 Dungeon Crawl Stone Soup version 0.32-a0-705-g60f233581c (webtiles) character file.

Game seed: 2864487186821706877

1162 Sirjeffry24 the Ruffian (level 8, -5/66 HPs)
             Began as a Purple Draconian Shapeshifter on Mar 14, 2024.
             Was a Priest of Beogh.
             Succumbed to Bolgrim's poison
             ... on level 5 of the Dungeon.
             The game lasted 00:07:51 (5582 turns).

Sirjeffry24 the Ruffian (DrSh)                      Turns: 5582, Time: 00:07:51

Health: -5/66      AC:  6    Str: 19    XL:     8   Next: 17%
Magic:  10/10      EV: 11    Int: 10    God:    Beogh [***...]
Gold:   246        SH:  0    Dex: 11    Spells: 7/7 levels left

rFire   . .          .
                       - Unarmed
rCold   . . .        (no shield)
rNeg    + . .        (body armour unavailable)
rPois   .            (helmet currently unavailable)
rElec   .            (cloak currently unavailable)
rCorr   .            (gloves currently unavailable)
SInv    .            (boots currently unavailable)
Will    +....        k - amulet of faith
Stlth   +            a - ring of flight
HPRegen 0.31/turn    l - ring of positive energy
MPRegen 0.12/turn

%: faith
@: lethally poisoned (-5 -> -47), beast-form, attractive, flying, hasted, very
quick
A: beast (slay +3), nullifying breath, AC +6, unfitting armour, cold-blooded
a: Nullifying Breath, Begin Untransformation, Renounce Religion, Smiting


You were on level 5 of the Dungeon.
You worshipped Beogh.
Beogh was most pleased with you.
You were a hulking beast.
You visited 1 branch of the dungeon, and saw 5 of its levels.

You collected 246 gold pieces.

Inventory:

Armour
 p - a +0 cloak
 r - a +0 pair of boots
 t - a +2 pair of gloves
Jewellery
 a - a ring of flight (left hand)
 g - an amulet of guardian spirit
 k - an amulet of faith (around neck)
 l - a ring of positive energy (right hand)
Talismans
 b - a beast talisman (active)
 c - a flux talisman
Wands
 q - a wand of acid (6)
 u - a wand of mindburst (9)
Scrolls
 d - 4 scrolls of teleportation
 i - 2 scrolls of revelation
 j - a scroll of silence
 w - a scroll of fear
Potions
 f - a potion of cancellation
 m - 3 potions of magic
 n - 2 potions of brilliance


   Skills:
 * Level 4.1 Fighting
 + Level 3.5 Dodging
 + Level 6.7 Unarmed Combat
 * Level 2.9 Invocations
 * Level 5.3 Shapeshifting


You had 7 spell levels left.
You didn't know any spells.
Your spell library contained the following spells:

 Spells                   Type           Power      Damage    Failure   Level
 Summon Forest            Summ/Tloc      0%         N/A       100%        5
 Eringya's Noxious Bog    Alch           0%         4d6       100%        6
 Summon Hydra             Summ           0%         N/A       100%        7


Dungeon Overview and Level Annotations

Branches:
Dungeon (5/15)
 Temple: D:4-7

Altars:
Elyvilon


Innate Abilities, Weirdness & Mutations

You are a hulking beast.
Your limbs bulge with bestial killing power. (Slay +3)
Your facial features look somewhat orcish.
You can breathe blasts of antimagic.
Your rich purple scales are hard. (AC +6)
You cannot fit into any form of body armour.
You are cold-blooded and may be slowed by cold attacks.


Message History

Bolgrim is moderately wounded.
You feel sick.
You hit Bolgrim.
Bolgrim is heavily wounded.
You feel sick. Bolgrim barely misses you.
You closely miss Bolgrim. You tail-slap Bolgrim.
Bolgrim is heavily wounded.
You feel sick.
Bolgrim hits you with a +3 glaive of venom.
You are more poisoned.
You barely miss Bolgrim.
Bolgrim is heavily wounded.
You feel sick.
You feel much better.
You feel sick. Bolgrim closely misses you.
Unknown command.
You closely miss Bolgrim.
Bolgrim is heavily wounded.
You feel sick.
Bolgrim hits you with a +3 glaive of venom!
You closely miss Bolgrim.
You tail-slap Bolgrim, but do no damage.
Bolgrim is heavily wounded.
You feel sick.
You punch Bolgrim! You tail-slap Bolgrim. You punch Bolgrim.
Bolgrim is heavily wounded.
You feel sick.
Bolgrim hits you with a +3 glaive of venom!
* * * LOW HITPOINT WARNING * * *
You are lethally poisoned!
You hit Bolgrim.
Bolgrim is severely wounded.
* * * LOW HITPOINT WARNING * * *
You feel very sick.
Bolgrim hits you with a +3 glaive of venom!
* * * LOW HITPOINT WARNING * * *
You are more poisoned.
Okay, then.
It was a potion of attraction.
You feel attractive to monsters.
You die...

.†....#
#.##.#..≈..≈..'....))))).
#.#####
#.##.#..≈..≈..'..######).
#.# #.##(#...≈≈#..#..# ##.
#.#######.##.#........####
##.
..........##.#........#
##..
######.#####.##########
#... #.# #...# #.# ##..
######†###<### #.# ##.
........##.# #h# ##
######.###.# #o# #
####.....#.# #.#
..##.....#.#####.#
#.######
.................#
#.#.....
#.##....>#.#######
#.#.#### #.##.....#.#
#.#.# #.########.########
#.#.# #.# #..†.......#
#.#.#


You could see Bolgrim the orc apostle (corroded, divinely empowered).

Vanquished Creatures
  Menkaure (D:4)
  Edmund (D:4)
  2 black bears (D:5)
  2 ogres
  2 orc priests
  2 hounds (D:5)
  2 iguanas
  A gnoll bouda (D:5)
  Natasha (thrice) (D:2)
  An orc wizard (D:5)
  Robin (D:4)
  12 gnolls
  4 adders
  A white imp (D:5)
  3 dart slugs
  A ribbon worm (D:5)
  10 orcs
  8 ball pythons
  8 endoplasms
  5 giant cockroaches
  8 goblins
  13 hobgoblins
  6 jackals
  7 kobolds
  6 quokkas
  6 bats
  3 frilled lizards
  2 rats (D:1)
121 creatures vanquished.

Notes
Turn   | Place    | Note
-------+----------+-------------------------------------------
     0 | D:1      | Sirjeffry24 the Draconian Shapeshifter began the quest for
                  | the Orb.
     0 | D:1      | Reached XP level 1. HP: 16/16 MP: 1/1
   190 | D:1      | Reached XP level 2. HP: 22/23 MP: 2/2
   929 | D:1      | You fall into a shaft and drop 1 floor!
   932 | D:2      | Reached XP level 3. HP: 28/28 MP: 3/3
  1268 | D:2      | Noticed Natasha
  1277 | D:2      | Killed Natasha
  1278 | D:2      | Reached XP level 4. HP: 22/36 MP: 4/4
  1367 | D:2      | Noticed Natasha
  1379 | D:2      | Killed Natasha
  1380 | D:2      | Reached skill level 4 in Unarmed Combat
  1468 | D:2      | Noticed Natasha
  1474 | D:2      | Killed Natasha
  1475 | D:2      | Reached XP level 5. HP: 39/41 MP: 5/5
  2232 | D:3      | Became a worshipper of Beogh the Shepherd
  2629 | D:4      | Noticed Robin
  2781 | D:3      | Reached * piety under Beogh
  2782 | D:3      | Reached XP level 6. HP: 39/50 MP: 6/6
  3490 | D:4      | Noticed Edmund
  3522 | D:4      | Killed Edmund
  3523 | D:4      | Reached skill level 5 in Unarmed Combat
  3523 | D:4      | Reached skill level 1 in Invocations
  3849 | D:4      | Noticed a hornet
  3881 | D:4      | Identified the +1 war axe "Bulod" {heavy, Will+}
  3901 | D:4      | Reached ** piety under Beogh
  3902 | D:4      | Your scales start taking on a rich purple colour.
  3902 | D:4      | Reached XP level 7. HP: 51/57 MP: 8/8
  3941 | D:4      | Killed Robin
  3957 | D:4      | Noticed Menkaure
  3962 | D:4      | Killed Menkaure
  4070 | D:4      | Found a white marble altar of Elyvilon.
  4287 | D:4      | Paralysed by a hornet for 2 turns
  4292 | D:4      | Paralysed by a hornet for 2 turns
  4495 | D:5      | Entered Level 5 of the Dungeon
  4536 | D:5      | HP: 1/57 [black bear (6)]
  4538 | D:5      | Reached skill level 6 in Unarmed Combat
  4753 | D:5      | Reached skill level 5 in Shapeshifting
  4976 | D:5      | Reached XP level 8. HP: 18/66 MP: 8/10
  5523 | D:5      | Reached *** piety under Beogh
  5562 | D:5      | Noticed Bolgrim
  5581 | D:5      | HP: 1/66 [Bolgrim the orc apostle/+3 glaive of venom (10)]
  5582 | D:5      | Succumbed to Bolgrim's poison

Illustrated notes

Levels and vault maps discovered:
D:1:      kennysheep_arrival_seaside, layout_loops_ring
D:2:      layout_loops_cross, uniq_natasha
D:3:      layout_basic, grunt_decor_arrowhead
D:4:      layout_basic, elyvilon_altar_3, dk_noncrumbling_3, uniq_robin,
          uniq_menkaure, uniq_edmund
D:5:      layout_loops_ring, nicolae_ru_path_of_blood, kennysheep_generic_room_7

Skill      XL: |  1  2  3  4  5  6  7  8 |
---------------+-------------------------+-----
Dodging        | 2 3 |  3.5
Fighting       | 2 3 4 |  4.1
Unarmed Combat | 4 5 6 |  6.7
Shapeshifting  | 4 5 |  5.3
Invocations    | 1 2 |  2.9

Action                     |  1- 3 |  4- 6 |  7- 9 || total
---------------------------+-------+-------+-------++-------
  Melee: Unarmed           |    79 |   174 |   124 ||   377
         Tailslap          |     7 |    17 |    23 ||    47
         Punch             |     1 |     5 |     3 ||     9
 Invoke: Convert to Beogh  |       |     1 |       ||     1
Ability: Nullifying Breath |       |       |     1 ||     1
  Evoke: Wand              |       |       |     3 ||     3
    Use: Scroll            |     6 |     6 |     5 ||    17
         Potion            |       |     4 |     5 ||     9
   Stab: Sleeping          |     2 |       |       ||     2
         Invisible         |       |     2 |       ||     2
 Armour: Skin              |    59 |   142 |    95 ||   296
  Dodge: Dodged            |    57 |   124 |    76 ||   257

Table legend: (Time is in decaauts)
 A = Elapsed time spent in this place.
 B = Non-inter-level travel time spent in this place.
 C = Inter-level travel time spent in this place.
 D = Time resting spent in this place.
 E = Time spent auto-exploring this place.
 F = Levels seen in this place.
 G = Mean time per level.
                   A        B        C        D        E       F      G
               +--------+--------+--------+--------+--------+-----+--------+
         Total |   5553 |   5260 |    293 |    754 |   3495 |   5 | 1110.6 |
       Dungeon |   5553 |   5260 |    293 |    754 |   3495 |   5 | 1110.6 |
               +--------+--------+--------+--------+--------+-----+--------+

Top non-repeatable levels by time:
     D:3: 1421 daAuts
     D:2: 1126 daAuts
     D:5: 1070 daAuts
     D:4: 1008 daAuts
     D:1: 926 daAuts
